 Dungeon Crawl Stone Soup version 0.21-a0-630-g344d351 (webtiles) character file.

27 Charly the Chopper (level 2, -7/26 HPs)
             Began as a Deep Dwarf Gladiator on Dec 27, 2017.
             Killed from afar by an orc wizard (10 damage)
             ... with a puff of frost
             ... on level 5 of the Dungeon.
             The game lasted 00:03:56 (345 turns).

Charly the Chopper (Deep Dwarf Gladiator)            Turns: 345, Time: 00:03:58

Health: -7/26      AC:  4    Str: 17    XL:     2   Next: 93%
Magic:  2/2        EV: 13    Int:  8    God:
Gold:   0          SH:  0    Dex: 14    Spells: 1/1 levels left

rFire    . . .     SeeInvis .   a - +0 war axe
rCold    . . .     Gourm    .   (no shield)
rNeg     . . .     Faith    .   b - +0 leather armour
rPois    .         Spirit   .   c - +0 helmet
rElec    .         Reflect  .   (no cloak)
rCorr    .         Harm     .   (no gloves)
MR       .....                  (no boots)
Stlth    +.........             g - amulet of regeneration
HPRegen  0.00/turn              (no ring)
MPRegen  0.08/turn              (no ring)

@: non-regenerating
A: damage resistance, heal wounds, sense surroundings 1, no regeneration
a: Heal Wounds


You were on level 5 of the Dungeon.
You were full.

You visited 1 branch of the dungeon, and saw 5 of its levels.

Inventory:

Hand Weapons
 a - a +0 war axe (weapon)
Missiles
 d - 2 throwing nets (quivered)
Armour
 b - a +0 leather armour (worn)
 c - a +0 helmet (worn)
Jewellery
 g - an amulet of regeneration (around neck)
Scrolls
 i - a scroll of identify {unknown}
Comestibles
 f - 2 rations


   Skills:
 + Level 2.2 Fighting
 * Level 4.2 Axes
 - Level 1.7 Throwing
 - Level 3.2 Dodging


You had one spell level left.
You didn't know any spells.

Dungeon Overview and Level Annotations

Branches:
Dungeon (5/15)
 Temple: D:4-7

Altars:
Uskayaw

Annotations:
D:5 Blork the orc


Innate Abilities, Weirdness & Mutations

You are resistant to damage.
You can heal yourself by infusing magical energy.
You passively map a small area around you.
You do not regenerate.


Message History

Found two stone staircases leading down.
An orc and an orc wizard come into view.
The orc wizard shouts!
You hear a shout!
A frilled lizard and 2 orcs come into view.
The frilled lizard hisses angrily.
The orc wizard gestures at you while chanting.
The puff of flame hits you! The adder completely misses you.
An adder comes into view.
The adder hisses angrily.
You fail to use your ability.
The worker ant bites you.
* * * LOW HITPOINT WARNING * * *
The adder barely misses you.
The orc wizard gestures wildly while chanting.
The orc wizard seems to speed up.
You fail to use your ability.
The adder bites you but does no damage. The worker ant bites you.
* * * LOW HITPOINT WARNING * * *
The orc wizard casts a spell at you. The puff of frost hits you!
You die...

, , , ,
##.......#
##........# *
#####.........##
#..............#
...............#
,
.......lS.....!#
....o>o........#
....o.o@ao....(##
, *
...###..S.......#
* * ####.......#
##...###. #..##
#(.# * , #..#
##### #.## *
#...# ##.# *


You could see a worker ant, an orc wizard, 2 adders, 4 orcs and a frilled
lizard.

Vanquished Creatures
  An adder (D:2)
  An adder zombie (D:4)
  A worm (D:2)
  An orc (D:3)
  2 bats (D:3)
  A goblin (D:3)
  A kobold (D:3)
  A quokka (D:2)
  A frilled lizard (D:2)
  2 rats (D:3)
12 creatures vanquished.

Notes
Turn   | Place    | Note
-------+----------+-------------------------------------------
     0 | D:1      | Charly the Deep Dwarf Gladiator began the quest for the Orb.
     0 | D:1      | Reached XP level 1. HP: 19/19 MP: 1/1
    13 | D:2      | Reached XP level 2. HP: 19/26 MP: 2/2
    77 | D:3      | Reached skill level 4 in Axes
   272 | D:4      | Found a hide-covered altar of Uskayaw.
   286 | D:5      | Entered Level 5 of the Dungeon
   321 | D:5      | Noticed Blork the orc
   345 | D:5      | Killed from afar by an orc wizard

Vault maps used:
D:1:      minmay_arrival_floating_metal, minmay_fountain_box
D:2:      chequers_ecumenical_altar_island
D:3:      kennysheep_cross_room, minmay_item_behind_shaft
D:4:      kennysheep_mini_moat, first_ration, serial_shops, shop
D:5:      lemuel_doored_altar, minmay_temple_entry_poolview, uniq_blork_the_orc

Skill      XL: |  1  2 |
---------------+-------+-----
Fighting       | 2 |  2.2
Axes           | 4 |  4.2
Throwing       | |  1.7
Dodging        | |  3.2

Action                   || total
-------------------------++-------
Melee: War axe           ||    35
Throw: Throwing net      ||     1
  Use: Scroll            ||     3
  Eat: Ration            ||     1
Armor: Leather armour    ||    20
Dodge: Dodged            ||    46

Table legend:
 A = Spawn XP
 B = Non-spawn XP
 C = Spawn XP percentage of total XP
 D = Spawn monster count
 E = Non-spawn monster count
 F = Spawn count percentage of total count
 G = Total turns spent on level
                    A         B        C        D         E        F      G
               +---------+---------+-------+---------+---------+-------+---------
         Total |       0 |      39 |   0.0 |       0 |      12 |   0.0 |   345
               +---------+---------+-------+---------+---------+-------+---------
           D:2 |       0 |      21 |   0.0 |       0 |       4 |   0.0 |    69
           D:3 |       0 |      12 |   0.0 |       0 |       7 |   0.0 |   130
           D:4 |       0 |       6 |   0.0 |       0 |       1 |   0.0 |    87
               +---------+---------+-------+---------+---------+-------+---------
